 Dungeon Crawl Stone Soup version 0.29.1-15-g9cfb28693d (webtiles) character file.

Game seed: 8222727227469241449

84013 LustLizard the Basher (level 15, -6/89 (117) HPs)
             Began as a Gnoll Wanderer on Mar 12, 2023.
             Was an Elder of Nemelex Xobeh.
             Mangled by an ice devil (11 damage)
             ... summoned by an orc sorcerer
             ... led by an orc warlord
             ... while paralysed by an orc sorcerer
             ... on level 2 of the Orcish Mines.
             The game lasted 01:08:39 (30381 turns).

LustLizard the Basher (Gnoll Wanderer)             Turns: 30381, Time: 01:08:41

HP:   -6/89 (117)   AC: 15    Str: 23    XL:     15   Next: 79%
MP:   26/30         EV:  2    Int: 19    God:    Nemelex Xobeh [****..]
Gold: 1846          SH:  0    Dex:  9    Spells: 20/36 levels left

rFire   + + +      SeeInvis .   L - +5 flail (freeze)
rCold   . . .      Faith    .   (no shield)
rNeg    . . .      Spirit   .   f - +3 leather armour
rPois   +          Reflect  .   b - +1 hat {Stlth+}
rElec   .          Harm     .   X - scarf {+Inv}
rCorr   .          Rampage  .   Q - +0 pair of gloves
Will    +....                   G - +0 pair of boots
Stlth   +++++.....              V - amulet of magic regeneration
HPRegen 0.24/turn               o - +6 ring of strength
MPRegen 0.62/turn               m - ring "Obrufoh" {Drain rPois rF+++ AC+4 Int+3}

@: paralysed, about to teleport, heavily drained
A: fangs 1, strong nose, distributed training
a: Renounce Religion, Evoke Invisibility, Draw Escape, Draw Destruction, Draw
Summoning, Draw Stack, Triple Draw, Deal Four


You were on level 2 of the Orcish Mines.
You worshipped Nemelex Xobeh.
Nemelex Xobeh was greatly pleased with you.
You visited 4 branches of the dungeon, and saw 21 of its levels.

You collected 1846 gold pieces.

Inventory:

Hand Weapons
 L - a +5 flail of freezing (weapon)
Missiles
 e - 3 throwing nets
 l - 28 poisoned darts
Armour
 b - a +1 hat of stealth (worn)
 f - a +3 leather armour (worn)
 G - a +0 pair of boots (worn)
 M - a +3 leather armour of cold resistance
 Q - a +0 pair of gloves (worn)
 X - a scarf of invisibility (worn)
Jewellery
 a - a ring of fire
 m - the ring "Obrufoh" (right hand) {Drain rPois rF+++ AC+4 Int+3}
   (You found it on level 2 of the Dungeon)

   [ring of protection]

   AC:        It affects your AC (+4).
   Int:       It affects your intelligence (+3).
   rF:        It renders you almost immune to fire.
   rPois:     It protects you from poison.
   Drain:     It drains your maximum health when unequipped.
 o - a +6 ring of strength (left hand)
 D - a ring of resist corrosion
 N - a ring of protection from fire
 O - a ring of see invisible
 R - a ring of protection from cold
 V - an amulet of magic regeneration (around neck)
Wands
 y - a wand of paralysis (9)
 z - a wand of digging (15)
 B - a wand of iceblast (9)
 C - a wand of light (25)
Scrolls
 c - 3 scrolls of butterflies
 g - 2 scrolls of vulnerability
 i - 5 scrolls of teleportation
 j - 5 scrolls of magic mapping
 q - a scroll of poison {unknown}
 r - 2 scrolls of torment
 s - a scroll of acquirement {unknown}
 v - 7 scrolls of immolation
 w - a scroll of silence {unknown}
 A - 2 scrolls of amnesia
 I - 2 scrolls of noise {unknown}
 K - a scroll of brand weapon {unknown}
 U - 2 scrolls of enchant armour {unknown}
 Y - 2 scrolls of enchant weapon {unknown}
Potions
 d - 3 potions of haste
 k - a potion of invisibility
 n - 2 potions of cancellation
 p - 3 potions of berserk rage
 t - 5 potions of curing
 u - 4 potions of ambrosia
 x - 2 potions of might
 E - 2 potions of heal wounds {unknown}
 F - 3 potions of mutation
 H - 5 potions of brilliance
 J - a potion of magic {unknown}
 P - 2 potions of lignification {unknown}
 T - a potion of resistance {unknown}
 W - a potion of flight {unknown}
 Z - a potion of attraction {unknown}
Miscellaneous
 S - a phantom mirror


   Skills:
 + Level 10.7 Fighting
 + Level 10.7 Short Blades
 + Level 10.7 Long Blades
 + Level 10.7 Axes
 + Level 13.5 Maces & Flails
 + Level 10.7 Polearms
 + Level 10.7 Staves
 + Level 10.7 Ranged Weapons
 + Level 10.7 Throwing
 + Level 10.7 Armour
 + Level 11.0 Dodging
 + Level 11.5 Stealth
 + Level 10.7 Shields
 + Level 10.7 Unarmed Combat
 + Level 11.1 Spellcasting
 + Level 9.0 Conjurations
 + Level 9.0 Hexes
 + Level 9.0 Summonings
 + Level 9.0 Necromancy
 + Level 9.0 Translocations
 + Level 9.0 Transmutations
 + Level 9.8 Fire Magic
 + Level 9.0 Ice Magic
 + Level 9.0 Air Magic
 + Level 9.0 Earth Magic
 + Level 9.0 Poison Magic
 + Level 11.6 Invocations
 + Level 10.7 Evocations


You had 20 spell levels left.
You knew the following spells:

 Your Spells              Type           Power      Damage    Failure   Level
a - Foxfire               Conj/Fire      100%       2x1d9     1%          1
b - Poisonous Vapours     Pois/Air       90%        N/A       1%          2
c - Inner Flame           Hex/Fire       46%        N/A       1%          3
d - Ignite Poison         Fire/Tmut/Pois 46%        N/A       1%          3
e - Summon Guardian Gole  Hex/Summ       45%        N/A       1%          3
f - Iskenderun's Mystic   Conj/Tloc      45%        2d10      1%          4

Your spell library contained the following spells:

 Spells                   Type           Power      Damage    Failure   Level
 Summon Small Mammal      Summ           100%       N/A       1%          1
 Static Discharge         Conj/Air       45%        3-9/arc   1%          2
 Call Canine Familiar     Summ           45%        N/A       1%          3
 Conjure Flame            Conj/Fire      46%        6-21      1%          3
 Dazzling Flash           Conj/Hex       90%        N/A       1%          3
 Gell's Gravitas          Tloc           45%        N/A       1%          3
 Teleport Other           Tloc           45%        N/A       1%          3
 Corpse Rot               Necr/Pois/Air  45%        N/A       1%          4
 Fulminant Prism          Conj/Hex       22%        3d13      1%          4
 Sticky Flame             Conj/Fire      46%        2d6       1%          4
 Agony                    Necr           45%        N/A       4%          5
 Lee's Rapid Deconstruct  Erth           22%        3d14*     4%          5
 Lightning Bolt           Conj/Air       22%        1d38      4%          5
 Silence                  Hex/Air        22%        N/A       4%          5
 Starburst                Conj/Fire      23%        6d8       22%         6
 Dispersal                Tloc           22%        N/A       26%         6
 Borgnjor's Revivificati  Necr           22%        N/A       100%        8
 Maxwell's Capacitive Co  Air            22%        ∞         100%        8
 Necromutation            Tmut/Necr      22%        N/A       100%        8
 Death's Door             Necr           22%        N/A       100%        9


Dungeon Overview and Level Annotations

Branches:
Dungeon (13/15)            Temple (1/1) D:5            Lair (5/5) D:8
 Shoals (0/4) Lair:2       Spider (0/4) Lair:3        Slime (0/5) Lair:5
    Orc (2/2) D:12            Elf (0/3) Orc:2
 Vaults: D:13-14

Altars:
Ashenzari
Cheibriados
Dithmenos
Elyvilon
Fedhas
Gozag
Hepliaklqana
Kikubaaqudgha
Makhleb
Nemelex Xobeh
Okawaru
Qazlal
Ru
Sif Muna
Trog
Uskayaw
Vehumet
Wu Jian
Xom
Yredelemnul
Zin
The Shining One

Shops:
D:2 =   D:5 (

Annotations:
Orc:1 6 transporters


Innate Abilities, Weirdness & Mutations

You have very sharp teeth.
Your uncanny sense of smell can sniff out nearby items.
Your experience applies equally to all skills.


Message History

The orc sorcerer explodes!
The fiery explosion engulfs you! You resist.
You are engulfed in blazing flames.
You resist.
You hear a shout!
The orc sorcerer gestures wildly while chanting.
The orc sorcerer casts a spell.
Casting: Inner Flame (safe; 1% risk of failure)
Confirm with . or Enter, or press ? or * to list all spells.
Aiming: Inner Flame (safe; 1% risk of failure)
Press: ? - help, Dir - move target, f - orc
Aim: an orc, wielding a +0 flail and wearing a +0 ring mail (chance to affect: 98%)
The orc is filled with an inner flame.
You hit the orc but do no damage. You bite the orc, but do no damage.
The orc hits you but does no damage. The orc sorcerer casts a spell at you.
The bolt of negative energy hits the orc!
The orc is drained!
The orc dies!
The bolt of negative energy hits you!!
You feel drained.
You thump the orc! You freeze the orc.
The orc explodes!
The fiery explosion engulfs the orc!!
You kill the orc!
The fiery explosion engulfs you. You resist.
You are engulfed in blazing flames.
You resist.
Unknown command.
As you read the scroll of teleportation, it crumbles to dust.
You feel strangely unstable.
The orc sorcerer gestures at you while chanting.
You suddenly lose the ability to move!
The chaos spawn is engulfed in blazing flames.
The orc sorcerer casts a spell at you. You resist with some effort.
The orc sorcerer points at you and mumbles some strange words.
The bolt of negative energy hits you!!
You feel drained.
* * * LOW HITPOINT WARNING * * *
The chaos spawn is engulfed in blazing flames.
The ice devil hits you!
You die...
Your body disappears without a glow.

...##...........[.)........
.......[.......[)..[#......
..........[[.[[<.).#.......
.##........)).o[[..........
#........o..).............
##.##....§§§§.........##..
#.......§)§)○.............
##......44○.......#....#.#
#.......@................
##.......................
#..................#....
#................####...
##...............#.#.... .
###................o....
.###..................#..#.
..####..............o.##...
#.##.##.......)............


You could see an ice devil (summoned), a chaos spawn (summoned) and 2 orc
sorcerers.

Vanquished Creatures
  Gastronok (Lair:3)
  2 orc warlords (Orc:1)
  Harold (D:10)
  A boulder beetle (Lair:1)
  2 catoblepae
  9 hydras
  3 two-headed ogres
  7 death yaks
  3 orc high priests (Orc:2)
  2 skeletal warriors (D:12)
  2 goliath frogs (Lair:5)
  2 orc knights (Orc:1)
  Pikel (D:5)
  A necromancer (D:12)
  6 orc sorcerers
  2 manticores
  26 elephants
  4 cyclopes
  Joseph (D:9)
  5 centaur zombies (D:12)
  A guardian serpent (Orc:1)
  24 cane toads
  2 black mambas (Lair:3)
  Maggie (D:6)
  2 kobold demonologists (D:11)
  An unseen horror (D:10)
  11 centaur skeletons (D:12)
  5 komodo dragons
  2 rime drakes (Lair:3)
  A queen bee (D:12)
  7 trolls
  A polar bear (Lair:4)
  A wind drake (Lair:2)
  Prince Ribbit (D:6)
  3 tyrant leeches (Lair:5)
  15 blink frogs
  5 slime creatures (D:12)
  4 flying skulls (D:12)
  9 wraiths
  2 vampires
  Sigmund (D:3)
  2 water elementals (D:11)
  4 shadows
  2 wyverns
  3 basilisks
  55 yaks
  3 redbacks (Lair:3)
  3 steam dragons
  5 vampire mosquitoes
  5 wargs
  2 acid dragons (D:12)
  17 water moccasins
  3 black bears
  2 ice beasts
  32 orc warriors
  A sky beast (D:7)
  9 ogres
  14 wolves
  5 centaurs
  2 phantoms
  2 kobold brigands
  2 lemures (D:5)
  A necrophage (D:6)
  13 bullfrogs
  A gnoll sergeant (D:6)
  A scorpion (D:4)
  18 wights
  4 killer bees (D:8)
  2 howler monkeys (D:9)
  6 electric eels
  4 hounds
  A jelly (D:4)
  2 gnoll boudas
  15 orc priests
  Crazy Yiuf (D:6)
  4 iguanas
  Natasha (thrice) (D:3)
  24 orc wizards
  16 gnolls
  12 adders
  3 ufetubi
  A worm (D:2)
  2 dart slugs
  76 orcs
  3 ball pythons (D:4)
  5 endoplasms
  2 giant cockroaches
  5 goblins
  6 hobgoblins
  4 jackals (D:5)
  7 bats
  5 frilled lizards
  16 kobolds
  4 rats
620 creatures vanquished.

Vanquished Creatures (collateral kills)
  A rime drake (Lair:3)
  A frilled lizard (Orc:1)
  19 foxfires
21 creatures vanquished.

Vanquished Creatures (others)
  A gnoll (D:6)
  2 orcs (Orc:2)
  3 bushes (Lair:3)
  2436 foxfires
  53 fungi
  139 plants
2634 creatures vanquished.

Grand Total: 3275 creatures vanquished

Notes
Turn   | Place    | Note
-------+----------+-------------------------------------------
     0 | D:1      | LustLizard the Gnoll Wanderer began the quest for the Orb.
     0 | D:1      | LustLizard set off with the following items: a +0 flail, a
                  | +0 cloak, a scroll of butterflies, a +0 leather armour; and
                  | the following spell memorised: Foxfire; and the following
                  | spells available to memorise: Inner Flame.
     0 | D:1      | Reached XP level 1. HP: 13/13 MP: 4/4
   135 | D:1      | Reached XP level 2. HP: 19/19 MP: 1/5
   698 | D:1      | Found a faded altar of an unknown god.
   817 | D:1      | Reached XP level 3. HP: 25/25 MP: 5/7
  1297 | D:2      | Reached skill level 1 in Invocations
  1418 | D:2      | Reached skill level 1 in Fighting
  1418 | D:2      | Reached skill level 1 in Short Blades
  1418 | D:2      | Reached skill level 1 in Long Blades
  1418 | D:2      | Reached skill level 1 in Axes
  1418 | D:2      | Reached skill level 1 in Polearms
  1418 | D:2      | Reached skill level 1 in Staves
  1418 | D:2      | Reached skill level 1 in Ranged Weapons
  1418 | D:2      | Reached skill level 1 in Throwing
  1418 | D:2      | Reached skill level 1 in Armour
  1418 | D:2      | Reached skill level 1 in Shields
  1418 | D:2      | Reached skill level 1 in Unarmed Combat
  1418 | D:2      | Reached skill level 1 in Evocations
  1544 | D:2      | Found Cusighi's Jewellery Boutique.
  1670 | D:2      | Identified the ring "Obrufoh" {Drain rPois rF+++ AC+4
                  | Int+3}
  1836 | D:2      | Reached XP level 4. HP: 32/32 MP: 1/8
  2208 | D:3      | Noticed Sigmund
  2300 | D:3      | Noticed Natasha
  2485 | D:3      | Found a stormy altar of Qazlal.
  2576 | D:3      | Reached skill level 1 in Conjurations
  2576 | D:3      | Reached skill level 1 in Hexes
  2576 | D:3      | Reached skill level 1 in Summonings
  2576 | D:3      | Reached skill level 1 in Necromancy
  2576 | D:3      | Reached skill level 1 in Translocations
  2576 | D:3      | Reached skill level 1 in Transmutations
  2576 | D:3      | Reached skill level 1 in Ice Magic
  2576 | D:3      | Reached skill level 1 in Air Magic
  2576 | D:3      | Reached skill level 1 in Earth Magic
  2576 | D:3      | Reached skill level 1 in Poison Magic
  2821 | D:3      | Killed Sigmund
  2822 | D:3      | Reached XP level 5. HP: 28/38 MP: 0/10
  2822 | D:3      | Reached XP level 6. HP: 32/44 MP: 0/11
  2825 | D:3      | Learned a level 2 spell: Poisonous Vapours
  2972 | D:3      | Killed Natasha
  3069 | D:3      | Noticed Natasha
  3073 | D:3      | Killed Natasha
  3078 | D:3      | Noticed Natasha
  3086 | D:3      | Killed Natasha
  3404 | D:4      | Reached XP level 7. HP: 51/51 MP: 7/12
  3729 | D:4      | Learned a level 3 spell: Inner Flame
  4030 | D:4      | Reached skill level 9 in Maces & Flails
  4030 | D:4      | Reached skill level 5 in Stealth
  4607 | D:4      | Reached XP level 8. HP: 58/58 MP: 6/14
  4921 | D:5      | Entered Level 5 of the Dungeon
  4942 | D:5      | Learned a level 3 spell: Ignite Poison
  5058 | D:5      | Found a staircase to the Ecumenical Temple.
  5069 | Temple   | Entered the Ecumenical Temple
  5183 | Temple   | Became a worshipper of Nemelex Xobeh the Trickster
  5302 | D:5      | Found Yrchaz's Antique Weapon Shoppe.
  5304 | D:5      | Noticed Pikel
  5363 | D:5      | Killed Pikel
  5512 | D:5      | Reached skill level 5 in Fire Magic
  5751 | D:5      | Reached XP level 9. HP: 38/65 MP: 16/16
  5931 | D:5      | Reached skill level 5 in Spellcasting
  6214 | D:5      | Identified the +0 ring mail "Tujin" {Str+4}
  6520 | D:6      | Found an iron altar of Okawaru.
  6557 | D:6      | Reached * piety under Nemelex Xobeh
  6574 | D:6      | Reached skill level 5 in Dodging
  6616 | D:6      | Noticed Maggie
  6625 | D:6      | Killed Maggie
  6837 | D:6      | Reached skill level 5 in Invocations
  7087 | D:6      | Found a glowing silver altar of Zin.
  7193 | D:6      | Noticed Prince Ribbit
  7198 | D:6      | Killed Prince Ribbit
  7419 | D:6      | Received a gift from Nemelex Xobeh
  7734 | D:6      | Found a runed translucent door.
  7735 | D:6      | Noticed Crazy Yiuf
  7743 | D:6      | Killed Crazy Yiuf
  7855 | D:7      | Reached skill level 5 in Fighting
  7855 | D:7      | Reached skill level 5 in Short Blades
  7855 | D:7      | Reached skill level 5 in Long Blades
  7855 | D:7      | Reached skill level 5 in Axes
  7855 | D:7      | Reached skill level 5 in Polearms
  7855 | D:7      | Reached skill level 5 in Staves
  7855 | D:7      | Reached skill level 5 in Ranged Weapons
  7855 | D:7      | Reached skill level 5 in Throwing
  7855 | D:7      | Reached skill level 5 in Armour
  7855 | D:7      | Reached skill level 5 in Shields
  7855 | D:7      | Reached skill level 5 in Unarmed Combat
  7855 | D:7      | Reached skill level 5 in Evocations
  7889 | D:7      | Reached XP level 10. HP: 74/74 MP: 1/18
  8183 | D:7      | Reached skill level 10 in Maces & Flails
  8743 | D:7      | Reached ** piety under Nemelex Xobeh
  9087 | D:8      | Noticed a two-headed ogre
  9093 | D:8      | Killed a two-headed ogre
  9568 | D:8      | Found a staircase to the Lair.
 10606 | D:8      | Received a gift from Nemelex Xobeh
 10795 | D:9      | Found a white marble altar of Elyvilon.
 10801 | D:9      | Reached skill level 5 in Conjurations
 10801 | D:9      | Reached skill level 5 in Hexes
 10801 | D:9      | Reached skill level 5 in Summonings
 10801 | D:9      | Reached skill level 5 in Necromancy
 10801 | D:9      | Reached skill level 5 in Translocations
 10801 | D:9      | Reached skill level 5 in Transmutations
 10801 | D:9      | Reached skill level 5 in Ice Magic
 10801 | D:9      | Reached skill level 5 in Air Magic
 10801 | D:9      | Reached skill level 5 in Earth Magic
 10801 | D:9      | Reached skill level 5 in Poison Magic
 10812 | D:9      | Reached XP level 11. HP: 81/81 MP: 10/21
 10816 | D:9      | Learned a level 3 spell: Summon Guardian Golem
 10991 | D:9      | Learned a level 4 spell: Iskenderun's Mystic Blast
 11005 | D:9      | Noticed Joseph
 11025 | D:9      | Killed Joseph
 11025 | D:9      | HP: 4/81 [spore (5)]
 11025 | D:9      | HP: 1/81 [cloud of flame (3)]
 11466 | D:9      | Found a shadowy altar of Dithmenos.
 11470 | D:9      | Found a blossoming altar of Fedhas.
 11607 | D:9      | Reached *** piety under Nemelex Xobeh
 12140 | D:9      | Received a gift from Nemelex Xobeh
 12215 | D:10     | Entered Level 10 of the Dungeon
 12236 | D:10     | Found an ancient bone altar of Kikubaaqudgha.
 12933 | D:10     | Noticed Harold
 12944 | D:10     | Killed Harold
 13219 | D:10     | Received a gift from Nemelex Xobeh
 13367 | D:11     | Reached **** piety under Nemelex Xobeh
 14117 | D:11     | Reached skill level 11 in Maces & Flails
 14235 | D:11     | Received a gift from Nemelex Xobeh
 14832 | D:12     | Noticed a cyclops
 14837 | D:12     | Killed a cyclops
 14901 | D:12     | Noticed a manticore
 14974 | D:12     | Reached XP level 12. HP: 90/91 MP: 23/23
 15054 | Lair:1   | Entered Level 1 of the Lair of Beasts
 15067 | Lair:1   | Noticed a six-headed hydra
 15791 | Lair:1   | Noticed a boulder beetle
 15804 | Lair:1   | Killed a boulder beetle
 15971 | Lair:1   | Identified the +9 dagger of Peselix {holy, SInv Stlth+}
 16198 | Lair:1   | Killed a six-headed hydra
 16425 | Lair:1   | Found a basalt altar of Yredelemnul.
 16613 | Lair:1   | Noticed a four-headed hydra
 16620 | Lair:1   | Killed a four-headed hydra
 17090 | Lair:2   | Reached ***** piety under Nemelex Xobeh
 17277 | Lair:2   | Found a staircase to the Shoals.
 17329 | Lair:2   | Received a gift from Nemelex Xobeh
 17538 | Lair:2   | Received a gift from Nemelex Xobeh
 17642 | Lair:2   | Found a hazy altar of Hepliaklqana.
 17888 | Lair:3   | You fall into a shaft and drop 2 floors!
 17888 | Lair:5   | Entered Level 5 of the Lair of Beasts
 17909 | Lair:5   | Reached XP level 13. HP: 66/98 MP: 25/25
 18050 | Lair:5   | Found a staircase to the Slime Pits.
 18621 | Lair:4   | Reached skill level 12 in Maces & Flails
 18868 | Lair:4   | Received a gift from Nemelex Xobeh
 19343 | Lair:3   | Received a gift from Nemelex Xobeh
 19873 | Lair:3   | Noticed Gastronok
 19890 | Lair:3   | Killed Gastronok
 19891 | Lair:3   | Reached skill level 10 in Stealth
 20079 | Lair:3   | Reached XP level 14. HP: 63/108 MP: 22/27
 20303 | Lair:3   | Reached skill level 10 in Invocations
 20409 | Lair:3   | Found a hole to the Spider Nest.
 22165 | Lair:5   | Reached skill level 10 in Spellcasting
 22353 | Lair:5   | Received a gift from Nemelex Xobeh
 22364 | Lair:5   | Reached skill level 10 in Dodging
 23782 | Lair:5   | Reached skill level 10 in Fighting
 23782 | Lair:5   | Reached skill level 10 in Short Blades
 23782 | Lair:5   | Reached skill level 10 in Long Blades
 23782 | Lair:5   | Reached skill level 10 in Axes
 23782 | Lair:5   | Reached skill level 10 in Polearms
 23782 | Lair:5   | Reached skill level 10 in Staves
 23782 | Lair:5   | Reached skill level 10 in Ranged Weapons
 23782 | Lair:5   | Reached skill level 10 in Throwing
 23782 | Lair:5   | Reached skill level 10 in Armour
 23782 | Lair:5   | Reached skill level 10 in Shields
 23782 | Lair:5   | Reached skill level 10 in Unarmed Combat
 23782 | Lair:5   | Reached skill level 10 in Evocations
 23964 | Lair:5   | Identified the +8 scimitar "Itil" {drain, Dex+5}
 24375 | D:12     | Reached skill level 13 in Maces & Flails
 24403 | D:12     | Reached XP level 15. HP: 69/115 MP: 29/29
 25828 | D:12     | Found a staircase to the Orcish Mines.
 25883 | D:12     | Received a gift from Nemelex Xobeh
 26545 | D:12     | Received a gift from Nemelex Xobeh
 27435 | Orc:1    | Entered Level 1 of the Orcish Mines
 27453 | Orc:1    | Noticed an orc warlord
 27473 | Orc:1    | Killed an orc warlord
 28477 | Orc:1    | Found a transporter.
 28477 | Orc:1    | Noticed a juggernaut
 28479 | Orc:1    | Found a transporter.
 28479 | Orc:1    | Found a transporter.
 28479 | Orc:1    | Found a transporter.
 28479 | Orc:1    | Found the +6 Majin-Bo {vamp, MP+6 Int+6}
 28480 | Orc:1    | Found a sparkling altar of Nemelex Xobeh.
 28480 | Orc:1    | Found a transporter.
 28484 | Orc:1    | Found a transporter.
 28665 | Orc:2    | Entered Level 2 of the Orcish Mines
 28683 | Orc:2    | Received a gift from Nemelex Xobeh
 29202 | Orc:2    | Noticed an orc warlord
 29637 | Orc:2    | Found a staircase to the Elven Halls.
 29711 | Orc:2    | Paralysed by an orc sorcerer for 5 turns
 29785 | Orc:2    | Noticed an orc warlord
 29989 | Orc:1    | Killed an orc warlord
 30380 | Orc:2    | Paralysed by an orc sorcerer for 2 turns
 30381 | Orc:2    | Mangled by an ice devil

Illustrated notes

Levels and vault maps discovered:
D:1:      dpeg_arrival_stonehenge_8_columns, layout_loops_ring,
          hellmonk_ecumenical_altar_leap_of_faith, nicolae_grassy_gnolls
D:2:      layout_loops_ring, serial_shops, nicolae_shop_window_shopping
D:3:      layout_basic, grunt_qazlal_clouds, uniq_sigmund, uniq_natasha
D:4:      layout_cave_pools, minmay_misc_feat_five
D:5:      layout_loops_ring, minmay_temple_entry_waves, serial_shops,
          nicolae_shop_trees, minivault_24, kennysheep_generic_room_7,
          uniq_pikel
D:6:      layout_cave_pods, okawaru_metal_pillars_1_2, general_overflow_altar,
          uniq_maggie, uniq_prince_ribbit1, uniq_crazy_yiuf_cottage
D:7:      layout_rooms
D:8:      layout_layer_cave, erik_lair_orcish_takeover
D:9:      layout_stronghold, mainiacjoe_overflow_small_starburst, minitemple,
          uniq_joseph
D:10:     layout_rooms, nicolae_kikubaaqudgha_miasma_corner, uniq_harold
D:11:     layout_basic
D:12:     hangedman_screamer, layout_layer_cave, orc_0_dummy, minmay_radiant
D:13:     layout_loops_cross, david_vaults_5, serial_shops, shop, uniq_urug
Temple:   regret_index_temple_waves
Lair:1:   layout_roguey, basic_altar, lemuel_fruit_fields, serial_bayou_shore_b
Lair:2:   layout_roguey, minmay_shoals_entry_beasts, basic_altar,
          lemuel_fruit_tree, serial_bayou_shore_b
Lair:3:   layout_chaotic_city, spider_nest_entry_webs,
          nicolae_lair_grazing_beasts [nicolae_sub_lair_graze_edge,
          nicolae_sub_lair_graze_edge, nicolae_sub_lair_graze_edge,
          nicolae_sub_lair_graze_edge], grunt_megastairs_2,
          infiniplex_staircase_pool, uniq_gastronok
Lair:4:   layout_misc_corridors
Lair:5:   minmay_lair_end_frog_pond, layout_hall_layers, slime_entry_1,
          st_stairs_8
Orc:1:    nicolae_orc_accident_1, layout_diamond_mine, hellmonk_jugg_or_not
Orc:2:    st_orc_elflike, layout_caves

Skill      XL: |  1  2  3  4  5  6  7  8  9 10 11 12 13 14 15 |
---------------+----------------------------------------------+-----
Invocations    | 1 2 3 4 5 6 7 8 9 10 11 | 11.6
Fighting       | 1 2 3 5 6 7 8 9 10 | 10.7
Short Blades   | 1 2 3 5 6 7 8 9 10 | 10.7
Long Blades    | 1 2 3 5 6 7 8 9 10 | 10.7
Axes           | 1 2 3 5 6 7 8 9 10 | 10.7
Polearms       | 1 2 3 5 6 7 8 9 10 | 10.7
Staves         | 1 2 3 5 6 7 8 9 10 | 10.7
Ranged Weapons | 1 2 3 5 6 7 8 9 10 | 10.7
Throwing       | 1 2 3 5 6 7 8 9 10 | 10.7
Armour         | 1 2 3 5 6 7 8 9 10 | 10.7
Shields        | 1 2 3 5 6 7 8 9 10 | 10.7
Unarmed Combat | 1 2 3 5 6 7 8 9 10 | 10.7
Evocations     | 1 2 3 5 6 7 8 9 10 | 10.7
Spellcasting   | 3 4 5 6 7 8 9 10 11 | 11.1
Conjurations   | 1 2 3 4 5 6 7 8 9 |  9.0
Hexes          | 1 2 3 4 5 6 7 8 9 |  9.0
Summonings     | 1 2 3 4 5 6 7 8 9 |  9.0
Necromancy     | 1 2 3 4 5 6 7 8 9 |  9.0
Translocations | 1 2 3 4 5 6 7 8 9 |  9.0
Transmutations | 1 2 3 4 5 6 7 8 9 |  9.0
Ice Magic      | 1 2 3 4 5 6 7 8 9 |  9.0
Air Magic      | 1 2 3 4 5 6 7 8 9 |  9.0
Earth Magic    | 1 2 3 4 5 6 7 8 9 |  9.0
Poison Magic   | 1 2 3 4 5 6 7 8 9 |  9.0
Dodging        | 3 4 5 6 7 8 9 10 11 | 11.0
Fire Magic     | 4 5 6 7 8 9 |  9.8
Maces & Flails | 9 10 11 12 13 | 13.5
Stealth        | 5 6 7 8 9 10 11 | 11.5

Action                   |  1- 3 |  4- 6 |  7- 9 | 10-12 | 13-15 || total
-------------------------+-------+-------+-------+-------+-------++-------
Melee: Flail             |    27 |    27 |     8 |   209 |   457 ||   728
       Bite              |     4 |     1 |     7 |    35 |    69 ||   116
       Mace              |       |       |   100 |    34 |       ||   134
       Punch             |       |       |     3 |    11 |    37 ||    51
 Cast: Foxfire           |    56 |    60 |   221 |   390 |   678 ||  1405
       Inner Flame       |       |       |    13 |    59 |   156 ||   228
       Poisonous Vapours |       |       |       |     4 |     2 ||     6
       Summon Guardian G |       |       |       |       |     1 ||     1
       Iskenderun's Myst |       |       |       |       |     4 ||     4
Invok: Draw Destruction  |       |       |       |     2 |     3 ||     5
       Deal Four         |       |       |       |       |     4 ||     4
       Draw Summoning    |       |       |       |       |     1 ||     1
       Stack Five        |       |       |       |       |     1 ||     1
       Draw Stack        |       |       |       |       |     1 ||     1
 Abil: Evoke Invisibilit |       |       |       |       |     2 ||     2
Evoke: Phantom mirror    |       |       |       |       |     1 ||     1
       Wand              |       |       |       |       |     7 ||     7
  Use: Scroll            |       |       |     9 |     3 |    11 ||    23
       Potion            |       |       |     1 |       |     1 ||     2
 Stab: Sleeping          |       |     1 |     1 |     2 |       ||     4
       Distracted        |       |       |       |       |     1 ||     1
Armor: Leather armour    |     4 |     3 |    37 |   114 |   268 ||   426
       Ring mail         |       |    10 |     6 |       |       ||    16
Dodge: Dodged            |    19 |     9 |    68 |   128 |   336 ||   560
